 Dungeon Crawl Stone Soup version 0.31-a0-202-g547052bce9 (webtiles) character file.

Game seed: 14382313205922193366

16 qw the Shooter (level 2, -3/16 HPs)
             Began as a Deep Elf Hunter on June 26, 2023.
             Slain by Sigmund
             ... wielding a +0 scythe of venom
              (10 damage)
             ... on level 1 of the Dungeon.
             The game lasted 00:00:13 (691 turns).

qw the Shooter (Deep Elf Hunter)                     Turns: 691, Time: 00:00:14

Health: -3/16      AC:  5    Str:  8    XL:     2   Next: 41%
Magic:  4/4        EV: 10    Int: 13    God:
Gold:   12         SH:  0    Dex: 18    Spells: 1/1 levels left

rFire   . . .        Y - +0 shortbow
rCold   . . .        (shield currently unavailable)
rNeg    . . .        d - +0 ring mail
rPois   .            (no helmet)
rElec   .            (no cloak)
rCorr   .            (no gloves)
SInv    .            (no boots)
Will    .....        (no amulet)
Stlth   +            (no ring)
HPRegen 0.22/turn    (no ring)
MPRegen 0.09/turn

%: no passive effects
@: lethally poisoned (-3 -> -8)
A: no striking features
a: no special abilities


You were on level 1 of the Dungeon.
You visited 1 branch of the dungeon, and saw 2 of its levels.

You collected 12 gold pieces.


   Skills:
 - Level 1.5 Fighting
 + Level 6.2 Ranged Weapons
 - Level 2.4 Dodging
 - Level 1.2 Stealth


You had one spell level left.
You didn't know any spells.
Your spell library was empty.

Inventory:

Hand Weapons
 Y - a +0 shortbow (weapon)
Armour
 d - a +0 ring mail (worn)
Jewellery
 e - a ring of ice
 g - a ring of ice
Potions
 h - a potion of heal wounds {unknown}
 i - a potion of lignification {unknown}
 j - a potion of curing

Dungeon Overview and Level Annotations

Branches:
Dungeon (2/15)

Altars:

Shops:
D:1 *

Annotations:
D:2 Sigmund


Message History

It was a potion of curing.
You feel better.
Done exploring.
660 ||| DROPPING scroll of noise.
You drop a scroll of noise.
You hear a splash.
Done exploring.
661 ||| DROPPING scroll of butterflies.
You drop a scroll of butterflies.
You hear a splash.
Done exploring.
(D) Dungeon
Where to? (* - list waypoints, ? - help)
What level of the Dungeon? (default 1, ? - help)
There is a stone staircase leading down here.
You climb downwards.
Found four items.
There is a stone staircase leading up here.
Sigmund is nearby!
Waypoint 1 assigned to D:2.
You shoot an arrow. The arrow hits Sigmund.
Sigmund shouts!
Sigmund is lightly wounded.
A goblin comes into view. It is wielding a +0 dagger.
Sigmund mumbles some strange words.
Sigmund flickers and vanishes!
Deactivating autopickup; reactivate with Ctrl-A.
You shoot an arrow. The arrow barely misses the goblin.
Something hits you but does no damage.
You are poisoned.
You shoot an arrow. The arrow hits the goblin.
The goblin is heavily wounded.
You feel very sick. Something hits you but does no damage.
You are more poisoned.
689 ||| STAIRDANCE You feel very sick.
You climb upwards.
Reactivating autopickup.
You feel very sick.
There is a stone staircase leading down here.
You start resting.
You feel sick. Something hits you!
Ouch! That really hurt!
You die...

~~~~#####...#....# ####.#
~~~ยค#####...#....###.##.#
#####................##.#
##.##.#####.#....###.##.#######
.#.##.#.......................#
.#.#.......).........%..####.##
.#.#.................#### #.#
#..#.####.#.##...#....# #.#
................@.....# #.#
#..##.###.#.##..##.#..# #.#
..........#.....##.#..### #.#
##.#..###.#.#.#.##.#....# #.#
#.#...............##.#.# #.#
##.##.###.#.#.#.#.....#.####.#
...##.# #.#.#.#.##...........#
#####.# #.#.#.#.......######.##
......###.............#.......#


There were no monsters in sight!

Vanquished Creatures
  An endoplasm (D:1)
  A giant cockroach (D:1)
  2 hobgoblins (D:1)
  3 kobolds (D:1)
  3 ball pythons (D:1)
  A bat (D:1)
  2 frilled lizards (D:1)
  A goblin (D:1)
  A rat (D:1)
15 creatures vanquished.

Notes
Turn   | Place    | Note
-------+----------+-------------------------------------------
     0 | D:1      | qw the Deep Elf Hunter began the quest for the Orb.
     0 | D:1      | Reached XP level 1. HP: 12/12 MP: 3/3
     0 | D:1      | 0 ||| qw: Version: 0.3-a-22-g0ed2b0b
     0 | D:1      | 0 ||| qw: Game counter: 6119
     0 | D:1      | 0 ||| qw: Melee chars always use a shield: true
     0 | D:1      | 0 ||| qw: God list: Okawaru
     0 | D:1      | 0 ||| qw: Allow faded altars: false
     0 | D:1      | 0 ||| qw: Do Orc after clearing Dungeon:15 true
     0 | D:1      | 0 ||| qw: Do second Lair branch before Depths: true
     0 | D:1      | 0 ||| qw: Lair rune preference: random
     0 | D:1      | 0 ||| qw: Goals: Normal
     0 | D:1      | 0 ||| PLANNING D:1-11
    60 | D:1      | Found Hyssuewn's Assorted Antiques.
    75 | D:1      | 75 ||| SHOPLISTING bone wand (88 gold, have 0).
    75 | D:1      | 75 ||| SHOPLISTING cyan potion (19 gold, have 0).
    75 | D:1      | 75 ||| SHOPLISTING murky golden potion (19 gold, have 0).
    75 | D:1      | 75 ||| SHOPLISTING murky pink potion (19 gold, have 0).
    75 | D:1      | 75 ||| SHOPLISTING scroll labelled BABUOXAGUEH (22 gold,
                  | have 0).
    75 | D:1      | 75 ||| SHOPLISTING scroll labelled NEKEQU GATEP (22 gold,
                  | have 0).
    75 | D:1      | 75 ||| SHOPLISTING scroll labelled VEAROL RUUTTOY (22 gold,
                  | have 0).
   159 | D:1      | Reached XP level 2. HP: 16/16 MP: 4/4
   224 | D:1      | Reached skill level 6 in Ranged Weapons
   644 | D:1      | 644 ||| UPGRADING to +0 ring mail.
   654 | D:1      | 654 ||| DROPPING +0 leather armour.
   655 | D:1      | 655 ||| READING 2 scrolls labelled ORIRHI FAEWK.
   656 | D:1      | 656 ||| READING scroll labelled JEIRRI POBBEJEIH.
   657 | D:1      | 657 ||| READING scroll labelled CAMYDICYUD.
   658 | D:1      | 658 ||| READING scroll labelled LUASAJ RYNI.
   659 | D:1      | 659 ||| DRINKING 2 murky golden potions.
   660 | D:1      | 660 ||| DROPPING scroll of noise.
   661 | D:1      | 661 ||| DROPPING scroll of butterflies.
   685 | D:2      | Noticed Sigmund
   689 | D:2      | 689 ||| STAIRDANCE
   691 | D:1      | Slain by Sigmund

Levels and vault maps discovered:
D:1:      dpeg_arrival_shrine, layout_basic, serial_shops, shop,
          minmay_misc_feat_five
D:2:      layout_rooms, hellmonk_ecumenical_altar_leap_of_faith, uniq_jessica,
          uniq_robin, uniq_sigmund, uniq_natasha

Skill      XL: |  1  2 |
---------------+-------+-----
Ranged Weapons | 6 |  6.2
Fighting       | |  1.5
Dodging        | |  2.4
Stealth        | |  1.2

Action                     || total
---------------------------++-------
   Fire: Shortbow          ||    38
    Use: Scroll            ||     4
         Potion            ||     1
 Armour: Leather armour    ||     5
         Ring mail         ||     2
  Dodge: Dodged            ||     5

Table legend:
 A = Non-vault XP
 B = Vault XP
 C = Vault XP percentage of total XP
 D = Non-vault monster count
 E = Vault monster count
 F = Vault count percentage of total count
                 A         B        C        D         E       F
            +---------+---------+-------+---------+---------+-------
      Total |      24 |       0 |   0.0 |      15 |       0 |   0.0
            +---------+---------+-------+---------+---------+-------
        D:1 |      24 |       0 |   0.0 |      15 |       0 |   0.0
            +---------+---------+-------+---------+---------+-------
